 Dungeon Crawl Stone Soup version 0.23.0 (webtiles) character file.

Game seed: 3455289219118197140

2018 EnegeticOcto the Archer (level 9, -1/75 HPs)
             Began as a Centaur Arcane Marksman on Feb 17, 2019.
             Was a Believer of Okawaru.
             Slain by a killer bee (6 damage)
             ... on level 6 of the Dungeon.
             The game lasted 00:09:42 (7166 turns).

EnegeticOcto the Archer (Centaur Arcane Marksman)   Turns: 7166, Time: 00:09:42

Health: -1/75      AC: 11    Str: 16    XL:     9   Next: 3%
Magic:  9/10       EV:  4    Int: 12    God:    Okawaru [**....]
Gold:   247        SH:  0    Dex: 10    Spells: 9/10 levels left

rFire    . . .     SeeInvis .   b - +0 hand axe (venom)
rCold    . . .     Gourm    .   (no shield)
rNeg     . . .     Faith    .   t - +1 chain mail
rPois    .         Spirit   .   o - +2 hat
rElec    .         Reflect  .   (no cloak)
rCorr    .         Harm     .   (no gloves)
MR       .....                  (no barding)
Stlth    ..........             (no amulet)
HPRegen  0.22/turn              p - +1 ring of protection
MPRegen  0.12/turn              C - ring of Shadows {Umbra +Inv Stlth+}

@: very slightly contaminated, wreathed by umbra, very quick
A: large, hooves 3, deformed body, speed 2, tough skin 3
a: Heroism, Renounce Religion, Evoke Invisibility


You were on level 6 of the Dungeon.
You worshipped Okawaru.
Okawaru was pleased with you.
You were not hungry.

You visited 1 branch of the dungeon, and saw 7 of its levels.

You collected 247 gold pieces.

Inventory:

Hand Weapons
 a - a +0 shortbow
 b - a +0 hand axe of venom (weapon)
 r - a +0 spear
Missiles
 d - 50 arrows
 w - a throwing net (quivered) {!f}
Armour
 o - a +2 hat (worn)
 t - a +1 chain mail (worn)
Jewellery
 l - an uncursed ring of resist corrosion
 p - a +1 ring of protection (left hand)
 s - an uncursed ring of see invisible
 C - the ring of Shadows (right hand) {Umbra +Inv Stlth+}
   (You found it on level 6 of the Dungeon)

   [ring of stealth]

   It lets you turn invisible.
   It makes you more stealthy.
Wands
 e - a wand of disintegration (7)
 D - a wand of flame (18)
 E - a wand of scattershot (3)
Scrolls
 k - 5 scrolls of remove curse {@r2}
 n - 2 scrolls of teleportation {@r3 !r}
 q - a scroll of blinking {@r4}
 y - 2 scrolls of enchant armour
 B - a scroll of noise {unknown}
Potions
 g - 3 potions of magic
 h - a potion of flight
 i - 2 potions of degeneration {unknown}
 j - 2 potions of heal wounds {@q2}
 m - a potion of invisibility {unknown}
 u - a potion of lignification {unknown}
 v - a potion of ambrosia {unknown}
 x - 2 potions of haste {unknown}
 z - 2 potions of brilliance {unknown}
 A - a potion of berserk rage
Comestibles
 f - 14 rations


   Skills:
 + Level 6.3 Fighting
 - Level 12.8 Bows
 - Level 1.3 Dodging
 - Level 1.0 Spellcasting
 - Level 2.6 Hexes


You had 9 spell levels left.
You knew the following spells:

 Your Spells              Type           Power        Failure   Level  Hunger
a - Corona                Hex            #......      91%         1    ##.....

Your spell library contained the following spells:

 Spells                   Type           Power        Failure   Level  Hunger
 Slow                     Hex            #.......     97%         2    ###....
 Magic Dart               Conj           #...         99%         1    ##.....
 Blink                    Tloc           N/A          100%        2    ###....
 Call Imp                 Summ           #.......     100%        2    ###....
 Conjure Flame            Conj/Fire      #.......     100%        3    ####...
 Inner Flame              Hex/Fire       #.......     100%        3    ####...
 Mephitic Cloud           Conj/Pois/Air  #.......     100%        3    ####...
 Portal Projectile        Hex/Tloc       #.....       100%        3    ####...
 Cause Fear               Hex            #.........   100%        4    #####..
 Leda's Liquefaction      Hex/Erth       #.........   100%        4    #####..


Dungeon Overview and Level Annotations

Branches:
Dungeon (7/15)             Temple (0/1) D:5

Altars:
Kikubaaqudgha
Makhleb
Nemelex Xobeh
Okawaru
Ru
Sif Muna
Xom
Yredelemnul
The Shining One

Shops:
D:4 [

Annotations:
D:4 Duvessa


Innate Abilities, Weirdness & Mutations

You have hooves in place of feet.
Armour fits poorly on your strangely shaped body.
You cover ground very quickly.
You have extremely tough skin. (AC +3)


Message History

Okawaru accepts your kill.
You miss the killer bee. Your kick misses the killer bee.
The killer bee stings you!
* * * LOW HITPOINT WARNING * * *
The killer bee completely misses you. The killer bee stings you.
* * * LOW HITPOINT WARNING * * *
You feel better.
The killer bee stings you but does no damage. x2
You closely miss the killer bee. Your kick misses the killer bee.
The killer bee stings you.
* * * LOW HITPOINT WARNING * * *
The killer bee stings you but does no damage.
Evoke which item? (* to show all) (? for menu, Esc to quit)
Aiming: Disintegrate
Press: ? - help, Shift-Dir - straight line, f - killer bee
Aim: a killer bee (umbra, chance to defeat MR: 73%)
The killer bee struggles to resist.
The killer bee stings you.
* * * LOW HITPOINT WARNING * * *
The killer bee stings you.
You die...

####### ......#
#####.# #######
#####.### #.....#
#.......####.....#
#.##.............#
#.#.....####.....#
...>...## #...y@#
#####.## ###.###
#.# #...# #.#
#.#.##
##'######....###
##...##.........#
##....)#.#.......#
##................#
#..........#.....##


You could see a killer bee.

Vanquished Creatures
  Pikel (D:4)
  Grinder (D:5)
  Eustachio (D:6)
  Edmund (D:6)
  An orc warrior (D:6)
  An ice beast (D:4)
  2 ogres
  Dowan (D:4)
  5 killer bees
  2 howler monkeys
  A quasit (D:6)
  A bullfrog skeleton (D:4)
  A hound (D:6)
  4 orc wizards
  3 adders
  8 gnolls
  A shadow imp (D:4)
  6 worms
  3 dart slugs (D:1)
  3 leopard geckos
  6 orcs
  A ball python (D:1)
  4 bats
  8 giant cockroaches
  10 goblins
  4 hobgoblins
  4 jackals (D:3)
  7 kobolds
  2 quokkas
  6 frilled lizards
  A giant cockroach zombie (D:6)
  A quokka skeleton (D:7)
  8 rats
109 creatures vanquished.

Vanquished Creatures (others)
  A slave (D:4)
1 creature vanquished.

Grand Total: 110 creatures vanquished

Notes
Turn   | Place    | Note
-------+----------+-------------------------------------------
     0 | D:1      | EnegeticOcto the Centaur Arcane Marksman began the quest
                  | for the Orb.
     0 | D:1      | Reached XP level 1. HP: 16/16 MP: 2/2
    27 | D:1      | Reached skill level 3 in Bows
   309 | D:1      | Reached XP level 2. HP: 23/23 MP: 3/3
   419 | D:1      | Reached skill level 4 in Bows
  1019 | D:1      | Reached XP level 3. HP: 28/28 MP: 4/4
  1293 | D:2      | Reached skill level 5 in Bows
  2083 | D:2      | Reached XP level 4. HP: 33/35 MP: 5/5
  2086 | D:2      | Reached skill level 6 in Bows
  2287 | D:2      | Found a deep blue altar of Sif Muna.
  2776 | D:3      | Reached XP level 5. HP: 25/40 MP: 6/6
  2792 | D:3      | Reached skill level 7 in Bows
  3636 | D:4      | Found Simmaes's Armour Shoppe.
  3681 | D:4      | Noticed an ice beast
  3709 | D:4      | Killed an ice beast
  3709 | D:4      | Reached skill level 8 in Bows
  3709 | D:4      | Reached XP level 6. HP: 47/47 MP: 7/7
  3850 | D:4      | Reached skill level 9 in Bows
  4325 | D:4      | Noticed Dowan
  4349 | D:4      | Killed Dowan
  4360 | D:4      | Noticed Duvessa
  4623 | D:4      | Noticed a slave
  4623 | D:4      | Noticed a slave
  4624 | D:4      | Noticed Pikel
  4624 | D:4      | Noticed a slave
  4630 | D:4      | Noticed a slave
  4654 | D:4      | Killed Pikel
  4654 | D:4      | Reached skill level 11 in Bows
  4654 | D:4      | Reached XP level 7. HP: 13/52 MP: 8/8
  4989 | D:5      | Entered Level 5 of the Dungeon
  5008 | D:5      | Found an iron altar of Okawaru.
  5014 | D:5      | Became a worshipper of Warmaster Okawaru
  5301 | D:5      | Reached skill level 12 in Bows
  5301 | D:5      | Reached XP level 8. HP: 56/59 MP: 9/9
  5337 | D:5      | Found a staircase to the Ecumenical Temple.
  5344 | D:5      | Noticed Grinder
  5348 | D:5      | Killed Grinder
  5528 | D:6      | Found an ancient bone altar of Kikubaaqudgha.
  5529 | D:6      | Found a glowing golden altar of the Shining One.
  5530 | D:6      | Found a burning altar of Makhleb.
  5530 | D:6      | Found a sparkling altar of Nemelex Xobeh.
  5531 | D:6      | Found a sacrificial altar of Ru.
  5531 | D:6      | Found a shimmering altar of Xom.
  5562 | D:6      | Found a basalt altar of Yredelemnul.
  5830 | D:6      | Noticed Edmund
  5843 | D:6      | Killed Edmund
  5843 | D:6      | Reached * piety under Okawaru
  6000 | D:6      | Noticed Eustachio
  6030 | D:6      | Killed Eustachio
  6236 | D:6      | Found the ring of Shadows {Umbra +Inv Stlth+}
  6580 | D:6      | Reached skill level 5 in Fighting
  7119 | D:6      | Noticed a manticore
  7152 | D:7      | Reached ** piety under Okawaru
  7158 | D:7      | Reached XP level 9. HP: 24/75 MP: 8/10
  7163 | D:6      | HP: 3/75 [killer bee (5)]
  7166 | D:6      | Slain by a killer bee

Skill      XL: |  1  2  3  4  5  6  7  8 |
---------------+-------------------------+-----
Bows           | 3 4 5 6 8 11 12 | 12.8
Fighting       | 6 |  6.3
Dodging        | |  1.3
Spellcasting   | |  1.0
Hexes          | |  2.6

Action                   |  1- 3 |  4- 6 |  7- 9 || total
-------------------------+-------+-------+-------++-------
Melee: Unarmed           |    17 |       |       ||    17
       Kick              |    18 |    26 |    19 ||    63
       Spear             |   119 |   162 |       ||   281
       Hand axe          |       |    24 |   113 ||   137
 Fire: Shortbow          |    38 |    82 |    13 ||   133
 Abil: Evoke Invisibilit |       |       |     1 ||     1
Evoke: Wand              |       |       |     5 ||     5
  Use: Scroll            |       |    11 |     2 ||    13
       Potion            |       |     1 |     5 ||     6
 Stab: Invisible         |       |       |     6 ||     6
  Eat: Chunk             |     3 |     7 |     4 ||    14
       Ration            |       |       |     1 ||     1
Armor: Robe              |    40 |    12 |       ||    52
       Plate armour      |       |   103 |       ||   103
       Chain mail        |       |    42 |   186 ||   228
Dodge: Dodged            |    47 |    31 |    46 ||   124
